 Dungeon Crawl Stone Soup version 0.20-a0-2-g2b0e13a (webtiles) character file.

654 Mirvelgyr the Cleaver (level 7, -2/57 HPs)
             Began as a Minotaur Berserker on Oct 30, 2016.
             Was a Priest of Trog.
             Slain by a sky beast (5 damage)
             ... on level 5 of the Dungeon.
             The game lasted 00:04:49 (4057 turns).

Mirvelgyr the Cleaver (Minotaur Berserker)          Turns: 4057, Time: 00:04:50

Health: -2/57      AC: 11    Str: 24    XL:     7   Next: 29%
Magic:  6/6        EV:  7    Int:  4    God:    Trog [***...]
Gold:   269        SH:  0    Dex:  9    Spells: 0 memorised, 6 levels left

rFire  . . .     SeeInvis .     a - +0 hand axe
rCold  . . .     Gourm    .     p - +0 plate armour
rNeg   . . .     Faith    .     (no shield)
rPois  .         Spirit   .     (helmet restricted)
rElec  .         Reflect  .     (no cloak)
rCorr  .         Harm     .     (no gloves)
MR     ++...                    (no boots)
Stlth  ..........               (no amulet)
                                (no ring)
                                (no ring)

@: regenerating
A: retaliatory headbutt, horns 2
a: Berserk, Trog's Hand, Burn Spellbooks, Renounce Religion


You were on level 5 of the Dungeon.
You worshipped Trog.
Trog was most pleased with you.
You were not hungry.

You visited 1 branch of the dungeon, and saw 5 of its levels.
You also visited: Sewer.

You collected 269 gold pieces.

Inventory:

Hand Weapons
 a - a +0 hand axe (weapon)
Armour
 b - a +0 animal skin
 p - a +0 plate armour (worn)
Scrolls
 h - 2 scrolls of magic mapping {unknown}
 j - a scroll of identify {unknown}
 l - 3 scrolls of teleportation {unknown}
 m - 2 scrolls of fear {unknown}
 n - 2 scrolls of enchant armour {unknown}
 o - 4 scrolls of remove curse {unknown}
 q - a scroll of fog {unknown}
 w - 3 scrolls of random uselessness {unknown}
 y - a scroll of holy word {unknown}
 B - 3 scrolls of amnesia {unknown}
Potions
 e - 3 potions of curing {unknown}
 f - 3 potions of cancellation {unknown}
 g - a potion of lignification {unknown}
 i - a potion of heal wounds {unknown}
 k - a potion of berserk rage {unknown}
 r - a potion of magic {unknown}
 s - 3 potions of haste {unknown}
 t - 4 potions of flight {unknown}
 u - a potion of brilliance {unknown}
 v - a potion of ambrosia {unknown}
 x - a potion of mutation {unknown}
Comestibles
 c - 3 bread rations
 d - a meat ration
 z - 4 fruits
 A - 2 chunks of flesh


   Skills:
 - Level 3.6 Fighting
 + Level 10.2 Axes
 - Level 2.4 Armour
 - Level 2.1 Dodging


You had 6 spell levels left.
You didn't know any spells.

Dungeon Overview and Level Annotations

Branches:
Dungeon (5/15)             Temple (0/1) D:5

Altars:
Cheibriados
Elyvilon
Gozag
Kikubaaqudgha
Okawaru
Qazlal
Uskayaw
Xom
Zin
The Shining One


Innate Abilities, Weirdness & Mutations

You reflexively headbutt those who attack you in melee.
You have a pair of horns on your head.


Message History

You barely miss something. Something hits you. Something shocks you.
You miss something. Your headbutt misses something. Something hits you.
Something shocks you.
You miss something. You barely miss something.
Something hits you but does no damage.
You miss something. You headbutt something. Something hits you.
* * * LOW HITPOINT WARNING * * *
Something shocks you.
* * * LOW HITPOINT WARNING * * *
Your skin crawls.
You feel resistant to hostile enchantments.
You feel somewhat more hungry. Something hits you.
* * * LOW HITPOINT WARNING * * *
Something shocks you.
* * * LOW HITPOINT WARNING * * *
Okay, then.
You miss something. Something hits you.
* * * LOW HITPOINT WARNING * * *
Something shocks you.
You die...

#.#....#.... ##.#.####....
########....####....
....................
########..#..###.... .# #......##
#.... .##.# ####...#.#####....
..#.# ###.....##..##...<..
###...####.{@....###......###
#........#.##.######.###.....
#.#........#..####...###.####
#####.#.....>###.###.............
.......................###...###.
......#......#..##.#####...####..
.....##......#..[...............#
.....##.........###†.........####
.....#######....# #..........#


There were no monsters in sight!

Vanquished Creatures
  A phantom (D:4)
  2 big kobolds (Sewer)
  A scorpion (D:5)
  Crazy Yiuf (D:4)
  A bullfrog skeleton (D:5)
  An orc wizard (D:4)
  2 worker ants (D:4)
  9 adders
  2 shadow imps (D:5)
  4 oozes
  2 adder skeletons
  5 worms
  4 dart slugs
  6 leopard geckos
  8 orcs
  4 bats
  7 giant cockroaches
  7 goblins
  9 hobgoblins
  2 jackals (D:2)
  3 quokkas
  4 ball pythons
  3 frilled lizards
  7 kobolds
  11 rats
  A fungus (D:4)
107 creatures vanquished.

Notes
Turn   | Place    | Note
-------+----------+-------------------------------------------
     0 | D:1      | Mirvelgyr the Minotaur Berserker began the quest for the Orb.
     0 | D:1      | Reached XP level 1. HP: 19/19 MP: 0/0
    42 | D:1      | Reached skill level 4 in Axes
    83 | D:1      | Reached XP level 2. HP: 20/26 MP: 1/1
   421 | D:1      | Reached skill level 5 in Axes
   500 | D:1      | Reached XP level 3. HP: 31/31 MP: 2/2
   790 | D:2      | Reached ** piety under Trog
  1372 | D:2      | Reached XP level 4. HP: 37/39 MP: 3/3
  1384 | D:2      | Found an iron altar of Okawaru.
  1385 | D:2      | Found a hide-covered altar of Uskayaw.
  1386 | D:2      | Found a glowing silver altar of Zin.
  1386 | D:2      | Found a glowing golden altar of the Shining One.
  1388 | D:2      | Found an ancient bone altar of Kikubaaqudgha.
  1388 | D:2      | Found a white marble altar of Elyvilon.
  1493 | D:3      | Reached skill level 6 in Axes
  1704 | D:3      | Found a glowing drain.
  1733 | Sewer    | Entered a sewer
  2188 | Sewer    | Reached XP level 5. HP: 45/45 MP: 4/4
  2197 | Sewer    | Reached skill level 7 in Axes
  2458 | Sewer    | Reached *** piety under Trog
  2499 | Sewer    | Reached skill level 8 in Axes
  2499 | Sewer    | Reached XP level 6. HP: 40/51 MP: 5/5
  2700 | D:3      | Found a stormy altar of Qazlal.
  2701 | D:3      | Found a shimmering altar of Xom.
  2948 | D:4      | Found a snail-covered altar of Cheibriados.
  2951 | D:4      | Found an opulent altar of Gozag.
  2970 | D:4      | Reached skill level 9 in Axes
  2997 | D:4      | Received a gift from Trog
  3166 | D:4      | Found a glowing golden altar of the Shining One.
  3401 | D:4      | Reached XP level 7. HP: 57/57 MP: 6/6
  3624 | D:4      | Found a runed door.
  3628 | D:4      | Noticed Crazy Yiuf
  3635 | D:4      | Killed Crazy Yiuf
  3704 | D:5      | Entered Level 5 of the Dungeon
  3744 | D:5      | Reached skill level 10 in Axes
  3908 | D:5      | Found a staircase to the Ecumenical Temple.
  4057 | D:5      | Slain by a sky beast

Vault maps used:
D:1:      dpeg_arrival_tiny_h
D:2:      grunt_temple_overflow_open, serial_forest,
          infiniplex_forest_clump_diagonal, infiniplex_forest_clump_tiny,
          infiniplex_forest_end_1, infiniplex_forest_clump_double,
          infiniplex_forest_lined_room_2, infiniplex_forest_lined_room_3
D:3:      chequers_temple_overflow_statue_of_worship, gup_sewer_entry_glass,
          first_bread
D:4:      nicolae_gozag_seed_capital, kennysheep_mini_moat,
          nicolae_tso_swordbearing_angel, uniq_crazy_yiuf_cottage
Sewer:    sewer_co_15_rooms

Skill      XL: |  1  2  3  4  5  6  7 |
---------------+----------------------+-----
Axes           | 4 5 6 8 9 10 | 10.2
Fighting       | |  3.6
Armour         | |  2.4
Dodging        | |  2.1

Action                   |  1- 3 |  4- 6 |  7- 9 || total
-------------------------+-------+-------+-------++-------
Melee: Hand axe          |    84 |   198 |    46 ||   328
       Headbutt          |    11 |    23 |    10 ||    44
Invok: Trog's Hand       |       |     4 |     2 ||     6
       Berserk           |       |     2 |       ||     2
 Stab: Sleeping          |       |     1 |       ||     1
  Eat: Chunk             |     1 |    11 |       ||    12
       Bread ration      |       |       |     1 ||     1
Armor: Animal skin       |    13 |     2 |       ||    15
       Plate armour      |       |    82 |    12 ||    94
Dodge: Dodged            |    48 |    54 |     8 ||   110
